Stars vs Jets

Created - March 15, 2022 at 19:05

Goals
1 2 3 T
Stars 3 0 1 4
Jets 0 0 2 2
Shots
1 2 3 T
Stars 9 10 13 32
Jets 8 11 7 26

1st period

1. Stars , Michael Grabner 11 (John Tavares 34, Guillaume Latendresse 20) at 2:36 (PP)
2. Stars , Alex Chiasson 12 (Jussi Jokinen 18, Ian White 16) at 13:20
3. Stars , Michael Grabner 12 (John Tavares 35, Guillaume Latendresse 21) at 16:48

Penalties :
Tyler Myers (Win) for Tripping (Minor) at 2:26, Cory Emmerton (Dal) for Holding (Minor) at 3:33, Boris Valabik (Dal) for Holding Stick (Minor) at 19:14

2nd period

No Goal

Penalties :
Boris Valabik (Dal) for Tripping (Minor) at 2:21, Michael Grabner (Dal) for Interference (Minor) at 8:59

3rd period

4. Jets , Johnny Boychuk 1 (Jake McCabe 12, Ryan Johansen 31) at 0:23
5. Stars , Jussi Jokinen 11 (Alex Chiasson 10, Evgeny Grachev 15) at 3:08
6. Jets , Ryan Johansen 16 (Adam Henrique 14) at 3:29 (PP)

Penalties :
Boris Valabik (Dal) for Cross-checking (Minor) at 3:22, Kyle Okposo (Win) for Hooking (Minor) at 4:51, Viktor Arvidsson (Win) for High sticking (Minor) at 7:13, Boris Valabik (Dal) for Roughing (Minor) at 13:24, Evgeny Grachev (Dal) for High sticking (Minor) at 19:09

Goalie Stats

Matt Murray (Dal), 24 saves from 26 shots - (0.923), W, 18-13-3, 60:00 minutes
Michal Neuvirth (Win), 28 saves from 32 shots - (0.875), L, 15-15-1, 60:00 minutes

Players Stats for Stars

Player Name              G  A  P  +/- PIM S  H  SB GA TA FO     MP     PP MP  PK MP  
------------------------------------------------------------------------------------
Alex Chiasson            1  1  2   2  0   1  0  1  0  1  0/0    16:23   1:50   1:03 
Andrej Sustr             0  0  0   1  0   0  0  4  0  0  0/0    20:09   1:40   4:02 
Andrew Ladd              0  0  0   0  0   1  1  0  0  0  0/0    10:25   0:15   0:36 
Boris Valabik            0  0  0  -1  8   3  1  3  0  0  0/0    25:45   2:28   2:56 
Cam Atkinson             0  0  0   0  0   1  1  0  0  1  0/0    10:14   0:06   0:00 
Cory Emmerton            0  0  0   0  2   0  0  0  0  0  1/5     9:31   0:00   0:03 
Evgeny Grachev           0  1  1   2  2   1  3  1  2  1  8/14   18:38   1:50   3:26 
Evgeny Kuznetsov         0  0  0   0  0   2  1  1  0  0  3/5     7:21   0:00   0:00 
Guillaume Latendresse    0  2  2   0  0   1  2  1  0  1  1/2    23:18   2:12   6:24 
Ian White                0  1  1  -1  0   2  1  0  0  0  0/0    27:51   2:28   6:51 
Jeremy Morin             0  0  0   0  0   2  0  0  1  0  0/0     7:21   0:00   0:00 
John Tavares             0  2  2   0  0   3  0  0  1  0  12/28  22:17   2:09   6:23 
Jussi Jokinen            1  1  2   2  0   6  3  0  1  1  0/2    19:02   1:50   3:49 
Michael Grabner          2  0  2   0  2   7  1  0  2  0  0/1    16:51   2:12   0:00 
Paul Ladue               0  0  0   1  0   1  1  0  0  0  0/0    21:17   1:40   5:53 
Scott Kosmachuck         0  0  0   0  0   1  2  0  0  0  0/0     7:21   0:00   0:00 
Tyler Wotherspoon        0  0  0   2  0   0  0  0  0  0  0/0    12:16   0:00   0:00 
Tyson Barrie             0  0  0   2  0   0  0  0  0  0  0/0    13:01   0:00   2:02 

Players Stats for Jets

Player Name              G  A  P  +/- PIM S  H  SB GA TA FO     MP     PP MP  PK MP  
------------------------------------------------------------------------------------
Adam Henrique            0  1  1  -1  0   0  1  1  0  0  2/3    22:11   6:04   1:30 
Alexander Wennberg       0  0  0   0  0   2  2  0  0  0  5/10   17:05   4:45   0:33 
Brent Burns              0  0  0   0  0   1  1  1  1  1  0/0    24:43   6:27   2:32 
Dougie Hamilton          0  0  0   0  0   1  5  2  0  1  0/0    22:26   6:09   0:00 
Erik Haula               0  0  0   0  0   1  2  1  1  1  2/6    12:37   0:03   2:12 
Jake McCabe              0  1  1  -1  0   2  1  1  0  0  0/0    15:50   4:30   0:00 
Jason Pominville         0  0  0  -1  0   0  2  0  0  0  0/0    10:39   0:03   1:23 
Johnny Boychuk           1  0  1  -1  0   4  2  0  0  1  0/0    14:09   0:41   2:32 
Jordan Martinook         0  0  0  -1  0   0  2  1  0  0  0/0     8:18   0:00   0:00 
Kyle Okposo              0  0  0  -1  2   5  1  0  1  2  2/3    19:34   4:45   0:00 
Marco Scandella          0  0  0  -1  0   0  1  0  1  1  0/0    19:38   0:00   1:36 
Marcus Johansson         0  0  0   0  0   1  3  0  1  0  0/0    12:17   0:00   0:00 
Max Domi                 0  0  0   0  0   3  0  0  0  0  0/1    15:08   6:04   0:00 
Noel Acciari             0  0  0  -1  0   0  0  0  0  0  1/3     8:57   0:00   0:39 
Ronalds Kenins           0  0  0   0  0   1  1  0  0  0  0/0    11:24   0:00   1:59 
Ryan Johansen            1  1  2  -1  0   4  2  0  0  0  20/31  20:37   6:04   0:00 
Tyler Myers              0  0  0  -1  2   0  3  0  0  0  0/0    23:22   4:00   1:36 
Viktor Arvidsson         0  0  0   0  2   1  1  2  0  0  0/0    16:54   4:45   0:00 

3 Stars

1 - Jussi Jokinen (Dal)
2 - Alex Chiasson (Dal)
3 - Michael Grabner (Dal)

Power Play

Stars - 1 on 3 Attempt(s) - 33.33%
Jets - 1 on 7 Attempt(s) - 14.29%

Penalty Kill

Stars - 6 on 7 Attempt(s) - 85.71% - Score 0 goal in Penalty Kill
Jets - 2 on 3 Attempt(s) - 66.67% - Score 0 goal in Penalty Kill

Team Stat

Stars - Hits : 17 - Faceoff Wins : 25 - Blocked Shots : 11 - Penalty Minutes : 14
Jets - Hits : 30 - Faceoff Wins : 32 - Blocked Shots : 9 - Penalty Minutes : 6

Official

Referees : Eric Furlatt and Trevor Hanson
Linesman : Tony Sericolo and Greg Devorski

Game Notes

No Game Note

Finance

Level 1 -- Attendance: 5955 (99.25%) -- Ticket Income $595,500
Level 2 -- Attendance: 4437 (88.74%) -- Ticket Income $266,220
Level 3 -- Attendance: 1853 (92.65%) -- Ticket Income $64,855
Level 4 -- Attendance: 3988 (99.70%) -- Ticket Income $99,700
Luxury Box -- Attendance: 1000 (100.00%) -- Ticket Income $200,000
Game was played at the Bell MTS Place.
Total Attendance: 17233 (95.74%)
Total Ticket Income: $1,226,275
Other Income: $183,941
Total Income: $1,410,216

Stars

5 vs 5 Forward 
   Center                   Left Wing                Right Wing               Time % Phy DF OF 
 1 John Tavares             Guillaume Latendresse    Michael Grabner          40     1   2  2  
 2 Evgeny Grachev           Jussi Jokinen            Alex Chiasson            30     1   2  2  
 3 Cory Emmerton            Andrew Ladd              Cam Atkinson             20     1   2  2  
 4 Evgeny Kuznetsov         Jeremy Morin             Scott Kosmachuck         10     1   2  2  

5 vs 5 Defense 
   Defense                  Defense                                           Time % Phy DF OF 
 1 Ian White                Boris Valabik                                     40     1   2  2  
 2 Andrej Sustr             Paul Ladue                                        30     1   2  2  
 3 Tyson Barrie             Tyler Wotherspoon                                 20     1   2  2  
 4 Ian White                Boris Valabik                                     10     1   2  2  

PowerPlay Forward 
   Center                   Left Wing                Right Wing               Time % Phy DF OF 
 1 John Tavares             Guillaume Latendresse    Michael Grabner          60     0   2  3  
 2 Evgeny Grachev           Jussi Jokinen            Alex Chiasson            40     0   2  3  

PowerPlay Defense
   Defense                  Defense                                           Time % Phy DF OF 
 1 Ian White                Boris Valabik                                     60     0   2  3  
 2 Andrej Sustr             Paul Ladue                                        40     0   2  3  

Penalty Kill 4 Players Forward 
   Center                   Wing                     Time % Phy DF OF 
 1 John Tavares             Guillaume Latendresse    60     0   3  2  
 2 Evgeny Grachev           Jussi Jokinen            40     0   3  2  

Penalty Kill 4 Players Defense
   Defense                  Defense                  Time % Phy DF OF 
 1 Ian White                Boris Valabik            60     0   3  2  
 2 Andrej Sustr             Paul Ladue               40     0   3  2  

Penalty Kill - 3 Players Forward 
   Forward                                           Time % Phy DF OF 
 1 John Tavares                                      60     0   3  2  
 2 Evgeny Grachev                                    40     0   3  2  

Penalty Kill - 3 Players Defense
   Defense                  Defense                  Time % Phy DF OF 
 1 Ian White                Boris Valabik            60     0   3  2  
 2 Andrej Sustr             Paul Ladue               40     0   3  2  

4 vs 4 Forward 
   Center                   Wing                     Time % Phy DF OF 
 1 John Tavares             Guillaume Latendresse    60     0   2  3  
 2 Evgeny Grachev           Jussi Jokinen            40     0   2  3  

4 vs 4 Defense
   Defense                  Defense                  Time % Phy DF OF 
 1 Ian White                Boris Valabik            60     1   2  2  
 2 Andrej Sustr             Paul Ladue               40     1   2  2  

Last Minutes Offensive
   Center                   Left Wing                Right Wing               Defense                  Defense                  
   John Tavares             Guillaume Latendresse    Michael Grabner          Ian White                Boris Valabik            

Last Minutes Defensive
   Center                   Left Wing                Right Wing               Defense                  Defense                  
   John Tavares             Guillaume Latendresse    Michael Grabner          Ian White                Boris Valabik            

Goaltenders
Starting : Matt Murray              
Backup : Braden Holtby            

Extra Forwards
Normal : Alex Chiasson, Andrew Ladd, Evgeny Grachev - PP : Alex Chiasson, Andrew Ladd - PK : Alex Chiasson
Extra Defensemen
Normal : Paul Ladue, Tyson Barrie, Tyler Wotherspoon - PP : Paul Ladue - PK : Paul Ladue, Tyson Barrie
Penalty Shots
John Tavares, Guillaume Latendresse, Michael Grabner, Jussi Jokinen, Alex Chiasson

Scratches
Brian Lee (Healthy), Tyler Brenner (Healthy)

Jets

5 vs 5 Forward 
   Center                   Left Wing                Right Wing               Time % Phy DF OF 
 1 Ryan Johansen            Adam Henrique            Kyle Okposo              40     1   2  2  
 2 Alexander Wennberg       Marcus Johansson         Viktor Arvidsson         30     1   2  2  
 3 Erik Haula               Ronalds Kenins           Max Domi                 25     1   2  2  
 4 Noel Acciari             Jordan Martinook         Jason Pominville         5      1   2  2  

5 vs 5 Defense 
   Defense                  Defense                                           Time % Phy DF OF 
 1 Marco Scandella          Tyler Myers                                       40     0   3  2  
 2 Dougie Hamilton          Brent Burns                                       35     0   3  2  
 3 Jake McCabe              Johnny Boychuk                                    25     0   3  2  
 4 Tyler Myers              Brent Burns                                       0      2   2  1  

PowerPlay Forward 
   Center                   Left Wing                Right Wing               Time % Phy DF OF 
 1 Ryan Johansen            Adam Henrique            Max Domi                 60     0   0  5  
 2 Alexander Wennberg       Viktor Arvidsson         Kyle Okposo              40     0   0  5  

PowerPlay Defense
   Defense                  Defense                                           Time % Phy DF OF 
 1 Brent Burns              Dougie Hamilton                                   60     0   1  4  
 2 Jake McCabe              Tyler Myers                                       40     0   1  4  

Penalty Kill 4 Players Forward 
   Center                   Wing                     Time % Phy DF OF 
 1 Erik Haula               Ronalds Kenins           60     0   3  2  
 2 Noel Acciari             Jason Pominville         40     0   3  2  

Penalty Kill 4 Players Defense
   Defense                  Defense                  Time % Phy DF OF 
 1 Johnny Boychuk           Brent Burns              60     0   3  2  
 2 Marco Scandella          Tyler Myers              40     0   3  2  

Penalty Kill - 3 Players Forward 
   Forward                                           Time % Phy DF OF 
 1 Erik Haula                                        60     0   4  1  
 2 Noel Acciari                                      40     0   4  1  

Penalty Kill - 3 Players Defense
   Defense                  Defense                  Time % Phy DF OF 
 1 Johnny Boychuk           Brent Burns              60     0   5  0  
 2 Marco Scandella          Tyler Myers              40     0   5  0  

4 vs 4 Forward 
   Center                   Wing                     Time % Phy DF OF 
 1 Ryan Johansen            Viktor Arvidsson         60     1   2  2  
 2 Alexander Wennberg       Adam Henrique            40     1   2  2  

4 vs 4 Defense
   Defense                  Defense                  Time % Phy DF OF 
 1 Brent Burns              Jake McCabe              60     1   2  2  
 2 Marco Scandella          Dougie Hamilton          40     1   2  2  

Last Minutes Offensive
   Center                   Left Wing                Right Wing               Defense                  Defense                  
   Ryan Johansen            Adam Henrique            Max Domi                 Jake McCabe              Dougie Hamilton          

Last Minutes Defensive
   Center                   Left Wing                Right Wing               Defense                  Defense                  
   Erik Haula               Ronalds Kenins           Jason Pominville         Tyler Myers              Marco Scandella          

Goaltenders
Starting : Michal Neuvirth          
Backup : Marc-André Fleury        

Extra Forwards
Normal : Jason Pominville, Max Domi, Viktor Arvidsson - PP : Jason Pominville, Erik Haula - PK : Jason Pominville
Extra Defensemen
Normal : Dougie Hamilton, Jake McCabe, Johnny Boychuk - PP : Dougie Hamilton - PK : Dougie Hamilton, Jake McCabe
Penalty Shots
Viktor Arvidsson, Adam Henrique, Ryan Johansen, Erik Haula, Jason Pominville

Scratches
None


% Time on Ice - Stars

Lines # - Real PCT - Wanted PCT - Time Play
Normal Forward
1 - 33% - 40% - 14:49
2 - 30% - 30% - 13:23
3 - 21% - 20% - 9:27
4 - 16% - 10% - 7:21
Normal Defense
1 - 42% - 40% - 18:58
2 - 31% - 30% - 13:44
3 - 23% - 20% - 10:31
4 - 4% - 10% - 1:47
PP Forward
1 - 56% - 60% - 2:18
2 - 44% - 40% - 1:50
PP Defense
1 - 60% - 60% - 2:28
2 - 40% - 40% - 1:40
PK Forward
1 - 65% - 60% - 7:03
2 - 35% - 40% - 3:49
PK Defense
1 - 66% - 60% - 7:11
2 - 34% - 40% - 3:41
PK3 Forward
1 - 0% - 60%
2 - 0% - 40%
PK3 Defense
1 - 0% - 60%
2 - 0% - 40%
44 Forward
1 - 0% - 60%
2 - 0% - 40%
44 Defense
1 - 0% - 60%
2 - 0% - 40%
Last Minute Offensive  - 0:00
Last Minute Defensive  - 0:00
Total
Forward - 60:00
Defense - 60:00

% Time on Ice - Jets

Lines # - Real PCT - Wanted PCT - Time Play
Normal Forward
1 - 34% - 40% - 15:06
2 - 28% - 30% - 12:34
3 - 20% - 25% - 9:02
4 - 18% - 5% - 8:18
Normal Defense
1 - 41% - 40% - 18:33
2 - 37% - 35% - 16:28
3 - 22% - 25% - 9:59
4 - 0% - 0% - 0:00
PP Forward
1 - 56% - 60% - 6:07
2 - 44% - 40% - 4:45
PP Defense
1 - 52% - 60% - 5:39
2 - 48% - 40% - 5:13
PK Forward
1 - 84% - 60% - 3:29
2 - 16% - 40% - 0:39
PK Defense
1 - 61% - 60% - 2:32
2 - 39% - 40% - 1:36
PK3 Forward
1 - 0% - 60%
2 - 0% - 40%
PK3 Defense
1 - 0% - 60%
2 - 0% - 40%
44 Forward
1 - 0% - 60%
2 - 0% - 40%
44 Defense
1 - 0% - 60%
2 - 0% - 40%
Last Minute Offensive  - 0:00
Last Minute Defensive  - 0:00
Total
Forward - 60:00
Defense - 60:00

Play-by-Play

1st period


0:01 of 1st period - John Tavares wins face-off versus Ryan Johansen in neutral zone.
0:32 of 1st period - Backhand shot by Alexander Wennberg.
0:32 of 1st period - Stopped by Matt Murray with a rebound.
0:52 of 1st period - Evgeny Kuznetsov is hit by Ronalds Kenins and loses puck.
0:59 of 1st period - Wrist shot by Erik Haula.
0:59 of 1st period - Shot Misses the Net.
1:01 of 1st period - Slapshot by Johnny Boychuk.
1:01 of 1st period - Stopped by Matt Murray without a rebound.
1:02 of 1st period - Noel Acciari wins face-off versus Cory Emmerton in Stars zone.
2:26 of 1st period - Minor Penalty to Tyler Myers for Tripping.
2:27 of 1st period - John Tavares wins face-off versus Erik Haula in Jets zone.
2:30 of 1st period - Slapshot by John Tavares.
2:30 of 1st period - Stopped by Michal Neuvirth with a rebound.
2:36 of 1st period - Slapshot by Michael Grabner.
2:36 of 1st period - Goal by Michael Grabner - Stars : 1 - Jets : 0.
2:37 of 1st period - Ryan Johansen wins face-off versus John Tavares in neutral zone.
3:12 of 1st period - Snap shot by Erik Haula.
3:12 of 1st period - Shot Misses the Net.
3:26 of 1st period - Snap shot by Marcus Johansson.
3:26 of 1st period - Stopped by Matt Murray with a rebound.
3:28 of 1st period - Slapshot by Brent Burns.
3:28 of 1st period - Stopped by Matt Murray without a rebound.
3:29 of 1st period - Alexander Wennberg wins face-off versus Cory Emmerton in Stars zone.
3:33 of 1st period - Minor Penalty to Cory Emmerton for Holding.
3:34 of 1st period - Ryan Johansen wins face-off versus John Tavares in Stars zone.
3:51 of 1st period - Snap shot by Ryan Johansen.
3:51 of 1st period - Shot Misses the Net.
4:04 of 1st period - Off-side.
4:05 of 1st period - Kyle Okposo wins face-off versus Evgeny Grachev in neutral zone.
5:33 of 1st period - Penalty to Cory Emmerton is over, Cory Emmerton is back on ice.
5:40 of 1st period - Andrew Ladd is hit by Jordan Martinook and loses puck.
6:17 of 1st period - Slapshot by Tyler Myers.
6:17 of 1st period - Shot Misses the Net.
6:39 of 1st period - Guillaume Latendresse is hit by Tyler Myers and loses puck.
6:48 of 1st period - Guillaume Latendresse is hit by Jordan Martinook and loses puck.
7:28 of 1st period - Wrist shot by John Tavares.
7:28 of 1st period - Shot Blocked by Jake McCabe.
7:30 of 1st period - Snap shot by Boris Valabik.
7:30 of 1st period - Stopped by Michal Neuvirth with a rebound.
7:32 of 1st period - Slapshot by Boris Valabik.
7:32 of 1st period - Stopped by Michal Neuvirth without a rebound.
7:33 of 1st period - Ryan Johansen wins face-off versus Jussi Jokinen in Jets zone.
7:40 of 1st period - Slapshot by Kyle Okposo.
7:40 of 1st period - Stopped by Matt Murray with a rebound.
8:04 of 1st period - Dougie Hamilton is hit by Paul Ladue.
8:14 of 1st period - Snap shot by Cory Emmerton.
8:14 of 1st period - Shot Misses the Net.
8:28 of 1st period - Snap shot by Max Domi.
8:28 of 1st period - Shot Misses the Net.
9:25 of 1st period - Jussi Jokinen is hit by Marco Scandella and loses puck.
10:00 of 1st period - Ian White is hit by Alexander Wennberg and loses puck.
10:19 of 1st period - Marcus Johansson is hit by Guillaume Latendresse and loses puck.
12:43 of 1st period - Snap shot by Ryan Johansen.
12:43 of 1st period - Shot Misses the Net.
12:45 of 1st period - Wrist shot by Ryan Johansen.
12:45 of 1st period - Stopped by Matt Murray without a rebound.
12:46 of 1st period - John Tavares wins face-off versus Erik Haula in Stars zone.
12:51 of 1st period - Snap shot by John Tavares.
12:51 of 1st period - Shot Misses the Net.
13:13 of 1st period - Johnny Boychuk is hit by Evgeny Grachev and loses puck.
13:20 of 1st period - Wrist shot by Alex Chiasson.
13:20 of 1st period - Goal by Alex Chiasson - Stars : 2 - Jets : 0.
13:21 of 1st period - Guillaume Latendresse wins face-off versus Ryan Johansen in neutral zone.
13:24 of 1st period - Ryan Johansen is hit by Michael Grabner and loses puck.
13:35 of 1st period - Slapshot by Tyler Myers.
13:35 of 1st period - Shot Blocked by Boris Valabik.
13:44 of 1st period - Icing by Ian White.
13:45 of 1st period - Alexander Wennberg wins face-off versus Evgeny Grachev in Stars zone.
13:55 of 1st period - Icing by Alex Chiasson.
13:56 of 1st period - Ryan Johansen wins face-off versus Evgeny Grachev in Stars zone.
14:59 of 1st period - Snap shot by Viktor Arvidsson.
14:59 of 1st period - Stopped by Matt Murray with a rebound.
15:23 of 1st period - Snap shot by Evgeny Grachev.
15:23 of 1st period - Shot Misses the Net.
15:25 of 1st period - Wrist shot by Evgeny Grachev.
15:25 of 1st period - Shot Misses the Net.
15:31 of 1st period - Wrist shot by Alex Chiasson.
15:31 of 1st period - Shot Blocked by Brent Burns.
15:37 of 1st period - Snap shot by Jussi Jokinen.
15:37 of 1st period - Shot Misses the Net.
15:39 of 1st period - Wrist shot by Evgeny Grachev.
15:39 of 1st period - Shot Misses the Net.
15:41 of 1st period - Slapshot by Boris Valabik.
15:41 of 1st period - Stopped by Michal Neuvirth without a rebound.
15:42 of 1st period - Kyle Okposo wins face-off versus John Tavares in Jets zone.
16:38 of 1st period - Slapshot by John Tavares.
16:38 of 1st period - Shot Misses the Net.
16:46 of 1st period - Wrist shot by Michael Grabner.
16:46 of 1st period - Stopped by Michal Neuvirth with a rebound.
16:48 of 1st period - Wrist shot by Michael Grabner.
16:48 of 1st period - Goal by Michael Grabner - Stars : 3 - Jets : 0.
16:49 of 1st period - Alexander Wennberg wins face-off versus Cory Emmerton in neutral zone.
17:28 of 1st period - Wrist shot by Cam Atkinson.
17:28 of 1st period - Shot Blocked by Viktor Arvidsson.
17:55 of 1st period - Off-side.
17:56 of 1st period - John Tavares wins face-off versus Ryan Johansen in neutral zone.
18:01 of 1st period - Ryan Johansen is hit by Ian White and loses puck.
18:41 of 1st period - Icing by Dougie Hamilton.
18:42 of 1st period - Evgeny Kuznetsov wins face-off versus Noel Acciari in Jets zone.
18:57 of 1st period - Snap shot by Evgeny Kuznetsov.
18:57 of 1st period - Stopped by Michal Neuvirth without a rebound.
18:58 of 1st period - Ryan Johansen wins face-off versus John Tavares in Jets zone.
19:07 of 1st period - Snap shot by Adam Henrique.
19:07 of 1st period - Deflect By Kyle Okposo.
19:07 of 1st period - Stopped by Matt Murray without a rebound.
19:08 of 1st period - Ryan Johansen wins face-off versus John Tavares in Stars zone.
19:14 of 1st period - Minor Penalty to Boris Valabik for Holding Stick.
19:15 of 1st period - Ryan Johansen wins face-off versus John Tavares in Stars zone.
Goals for this period are 3 for Stars vs 0 for Jets.
Shots for this period are 9 for Stars vs 8 for Jets.

2nd period


0:01 of 2nd period - John Tavares wins face-off versus Max Domi in neutral zone.
0:16 of 2nd period - Slapshot by Max Domi.
0:16 of 2nd period - Shot Misses the Net.
0:36 of 2nd period - Jussi Jokinen is hit by Dougie Hamilton and loses puck.
1:14 of 2nd period - Penalty to Boris Valabik is over, Boris Valabik is back on ice.
1:17 of 2nd period - Evgeny Grachev is hit by Alexander Wennberg and loses puck.
1:32 of 2nd period - Wrist shot by Tyson Barrie.
1:32 of 2nd period - Shot Misses the Net.
1:34 of 2nd period - Snap shot by Cam Atkinson.
1:34 of 2nd period - Stopped by Michal Neuvirth with a rebound.
1:36 of 2nd period - Wrist shot by Andrew Ladd.
1:36 of 2nd period - Stopped by Michal Neuvirth with a rebound.
1:38 of 2nd period - Snap shot by Andrew Ladd.
1:38 of 2nd period - Shot Misses the Net.
2:01 of 2nd period - Icing by Boris Valabik.
2:02 of 2nd period - Evgeny Kuznetsov wins face-off versus Ryan Johansen in Stars zone.
2:02 of 2nd period - Evgeny Kuznetsov is hit by Brent Burns.
2:21 of 2nd period - Minor Penalty to Boris Valabik for Tripping.
2:22 of 2nd period - Ryan Johansen wins face-off versus John Tavares in Stars zone.
2:35 of 2nd period - Snap shot by Adam Henrique.
2:35 of 2nd period - Shot Misses the Net.
3:18 of 2nd period - Icing by Tyler Myers.
3:19 of 2nd period - Ryan Johansen wins face-off versus John Tavares in Jets zone.
3:43 of 2nd period - Tyler Myers is hit by Jussi Jokinen and loses puck.
3:50 of 2nd period - Slapshot by Evgeny Grachev.
3:50 of 2nd period - Shot Misses the Net.
4:20 of 2nd period - Slapshot by Ian White.
4:20 of 2nd period - Shot Misses the Net.
4:21 of 2nd period - Penalty to Boris Valabik is over, Boris Valabik is back on ice.
4:35 of 2nd period - Off-side.
4:36 of 2nd period - Cory Emmerton wins face-off versus Noel Acciari in neutral zone.
5:07 of 2nd period - Snap shot by Kyle Okposo.
5:07 of 2nd period - Stopped by Matt Murray with a rebound.
5:09 of 2nd period - Wrist shot by Adam Henrique.
5:09 of 2nd period - Shot Misses the Net.
5:11 of 2nd period - Snap shot by Adam Henrique.
5:11 of 2nd period - Deflect By Kyle Okposo.
5:11 of 2nd period - Shot Misses the Net.
5:11 of 2nd period - Puck is out of play.
5:12 of 2nd period - Alexander Wennberg wins face-off versus John Tavares in Stars zone.
6:03 of 2nd period - Snap shot by Ronalds Kenins.
6:03 of 2nd period - Shot Misses the Net.
6:11 of 2nd period - Max Domi is hit by Cam Atkinson and loses puck.
6:26 of 2nd period - Wrist shot by Michael Grabner.
6:26 of 2nd period - Stopped by Michal Neuvirth with a rebound.
7:04 of 2nd period - Tyler Wotherspoon is hit by Kyle Okposo and loses puck.
7:57 of 2nd period - Slapshot by Cory Emmerton.
7:57 of 2nd period - Shot Blocked by Viktor Arvidsson.
8:57 of 2nd period - Snap shot by Jason Pominville.
8:57 of 2nd period - Shot Misses the Net.
8:59 of 2nd period - Minor Penalty to Michael Grabner for Interference.
9:00 of 2nd period - Ryan Johansen wins face-off versus John Tavares in Stars zone.
9:05 of 2nd period - Slapshot by Adam Henrique.
9:05 of 2nd period - Deflect By Max Domi.
9:05 of 2nd period - Stopped by Matt Murray with a rebound.
9:15 of 2nd period - Ian White is hit by Ryan Johansen and loses puck.
9:42 of 2nd period - Slapshot by Max Domi.
9:42 of 2nd period - Shot Blocked by Andrej Sustr.
9:44 of 2nd period - Snap shot by Adam Henrique.
9:44 of 2nd period - Shot Misses the Net.
9:46 of 2nd period - Wrist shot by Max Domi.
9:46 of 2nd period - Stopped by Matt Murray with a rebound.
9:52 of 2nd period - Wrist shot by Ryan Johansen.
9:52 of 2nd period - Stopped by Matt Murray with a rebound.
9:54 of 2nd period - Wrist shot by Adam Henrique.
9:54 of 2nd period - Shot Misses the Net.
9:56 of 2nd period - Snap shot by Dougie Hamilton.
9:56 of 2nd period - Shot Blocked by Andrej Sustr.
9:58 of 2nd period - Wrist shot by Jake McCabe.
9:58 of 2nd period - Shot Misses the Net.
10:06 of 2nd period - Snap shot by Max Domi.
10:06 of 2nd period - Stopped by Matt Murray with a rebound.
10:08 of 2nd period - Slapshot by Jake McCabe.
10:08 of 2nd period - Stopped by Matt Murray with a rebound.
10:10 of 2nd period - Snap shot by Jake McCabe.
10:10 of 2nd period - Shot Misses the Net.
10:12 of 2nd period - Snap shot by Dougie Hamilton.
10:12 of 2nd period - Stopped by Matt Murray without a rebound.
10:13 of 2nd period - John Tavares wins face-off versus Alexander Wennberg in Stars zone.
10:59 of 2nd period - Penalty to Michael Grabner is over, Michael Grabner is back on ice.
11:01 of 2nd period - Slapshot by Tyler Myers.
11:01 of 2nd period - Shot Misses the Net.
11:09 of 2nd period - Snap shot by Alex Chiasson.
11:09 of 2nd period - Shot Blocked by Jordan Martinook.
11:35 of 2nd period - Alex Chiasson is hit by Jason Pominville and loses puck.
12:22 of 2nd period - Adam Henrique is hit by Scott Kosmachuck and loses puck.
12:41 of 2nd period - Andrew Ladd is hit by Erik Haula and loses puck.
13:31 of 2nd period - Marco Scandella is hit by Jussi Jokinen and loses puck.
13:35 of 2nd period - Icing by Kyle Okposo.
13:36 of 2nd period - Ryan Johansen wins face-off versus Evgeny Kuznetsov in Jets zone.
13:45 of 2nd period - Snap shot by Jeremy Morin.
13:45 of 2nd period - Stopped by Michal Neuvirth without a rebound.
13:46 of 2nd period - Evgeny Kuznetsov wins face-off versus Alexander Wennberg in Jets zone.
13:51 of 2nd period - Wrist shot by Scott Kosmachuck.
13:51 of 2nd period - Shot Misses the Net.
13:53 of 2nd period - Snap shot by Scott Kosmachuck.
13:53 of 2nd period - Shot Misses the Net.
13:55 of 2nd period - Slapshot by Ian White.
13:55 of 2nd period - Stopped by Michal Neuvirth with a rebound.
13:57 of 2nd period - Slapshot by Ian White.
13:57 of 2nd period - Deflect By Tyler Myers.
13:57 of 2nd period - Stopped by Michal Neuvirth without a rebound.
13:58 of 2nd period - Evgeny Grachev wins face-off versus Ryan Johansen in Jets zone.
13:59 of 2nd period - Wrist shot by Jussi Jokinen.
13:59 of 2nd period - Stopped by Michal Neuvirth without a rebound.
14:00 of 2nd period - Ryan Johansen wins face-off versus Evgeny Grachev in Jets zone.
14:12 of 2nd period - Wrist shot by Jussi Jokinen.
14:12 of 2nd period - Shot Hit the Post.
14:34 of 2nd period - Wrist shot by Alexander Wennberg.
14:34 of 2nd period - Stopped by Matt Murray without a rebound.
14:35 of 2nd period - Alexander Wennberg wins face-off versus John Tavares in Stars zone.
15:26 of 2nd period - Cam Atkinson is hit by Erik Haula and loses puck.
15:45 of 2nd period - Slapshot by Tyler Myers.
15:45 of 2nd period - Shot Misses the Net.
15:47 of 2nd period - Slapshot by Marco Scandella.
15:47 of 2nd period - Shot Blocked by Andrej Sustr.
15:55 of 2nd period - Snap shot by Noel Acciari.
15:55 of 2nd period - Shot Blocked by Evgeny Kuznetsov.
16:11 of 2nd period - Snap shot by Michael Grabner.
16:11 of 2nd period - Stopped by Michal Neuvirth without a rebound.
16:12 of 2nd period - John Tavares wins face-off versus Ryan Johansen in Jets zone.
17:02 of 2nd period - Snap shot by John Tavares.
17:02 of 2nd period - Stopped by Michal Neuvirth without a rebound.
17:03 of 2nd period - Ryan Johansen wins face-off versus Evgeny Grachev in Jets zone.
17:12 of 2nd period - Slapshot by Jake McCabe.
17:12 of 2nd period - Stopped by Matt Murray with a rebound.
17:14 of 2nd period - Snap shot by Kyle Okposo.
17:14 of 2nd period - Stopped by Matt Murray with a rebound.
17:16 of 2nd period - Wrist shot by Adam Henrique.
17:16 of 2nd period - Shot Misses the Net.
17:30 of 2nd period - Andrew Ladd is hit by Jake McCabe and loses puck.
17:41 of 2nd period - Slapshot by Viktor Arvidsson.
17:41 of 2nd period - Deflect By Marcus Johansson.
17:41 of 2nd period - Shot Misses the Net.
17:41 of 2nd period - Puck is out of play.
17:42 of 2nd period - Ryan Johansen wins face-off versus Jussi Jokinen in Stars zone.
17:51 of 2nd period - Wrist shot by Ryan Johansen.
17:51 of 2nd period - Shot Misses the Net.
17:57 of 2nd period - Snap shot by Ryan Johansen.
17:57 of 2nd period - Shot Blocked by Boris Valabik.
18:09 of 2nd period - Ian White is hit by Marcus Johansson and loses puck.
18:34 of 2nd period - Cory Emmerton is hit by Johnny Boychuk and loses puck.
18:41 of 2nd period - Wrist shot by Erik Haula.
18:41 of 2nd period - Stopped by Matt Murray without a rebound.
18:42 of 2nd period - Evgeny Grachev wins face-off versus Ryan Johansen in Stars zone.
18:42 of 2nd period - Evgeny Grachev is hit by Dougie Hamilton.
18:50 of 2nd period - Snap shot by Jussi Jokinen.
18:50 of 2nd period - Stopped by Michal Neuvirth with a rebound.
18:52 of 2nd period - Snap shot by Jussi Jokinen.
18:52 of 2nd period - Shot Misses the Net.
18:54 of 2nd period - Slapshot by Paul Ladue.
18:54 of 2nd period - Shot Misses the Net.
18:56 of 2nd period - Backhand shot by Evgeny Grachev.
18:56 of 2nd period - Shot Blocked by Dougie Hamilton.
19:08 of 2nd period - Andrej Sustr is hit by Dougie Hamilton.
19:16 of 2nd period - Snap shot by Guillaume Latendresse.
19:16 of 2nd period - Shot Misses the Net.
19:19 of 2nd period - Icing by Dougie Hamilton.
19:20 of 2nd period - Evgeny Grachev wins face-off versus Erik Haula in Jets zone.
19:29 of 2nd period - Snap shot by Ronalds Kenins.
19:29 of 2nd period - Shot Misses the Net.
19:31 of 2nd period - Slapshot by Brent Burns.
19:31 of 2nd period - Shot Blocked by Evgeny Grachev.
Goals for this period are 0 for Stars vs 0 for Jets.
Shots for this period are 10 for Stars vs 11 for Jets.

3rd period


0:01 of 3rd period - Adam Henrique wins face-off versus Michael Grabner in neutral zone.
0:13 of 3rd period - Off-side.
0:14 of 3rd period - Ryan Johansen wins face-off versus John Tavares in neutral zone.
0:17 of 3rd period - Slapshot by Jake McCabe.
0:17 of 3rd period - Shot Misses the Net.
0:19 of 3rd period - Wrist shot by Johnny Boychuk.
0:19 of 3rd period - Shot Blocked by Guillaume Latendresse.
0:21 of 3rd period - Snap shot by Jake McCabe.
0:21 of 3rd period - Shot Misses the Net.
0:23 of 3rd period - Slapshot by Johnny Boychuk.
0:23 of 3rd period - Goal by Johnny Boychuk - Stars : 3 - Jets : 1.
0:24 of 3rd period - Adam Henrique wins face-off versus John Tavares in neutral zone.
0:37 of 3rd period - Ryan Johansen is hit by Guillaume Latendresse and loses puck.
0:53 of 3rd period - Snap shot by Johnny Boychuk.
0:53 of 3rd period - Stopped by Matt Murray without a rebound.
0:54 of 3rd period - Erik Haula wins face-off versus Evgeny Grachev in Stars zone.
1:11 of 3rd period - Wrist shot by Max Domi.
1:11 of 3rd period - Shot Blocked by Andrej Sustr.
1:15 of 3rd period - Snap shot by Ronalds Kenins.
1:15 of 3rd period - Stopped by Matt Murray with a rebound.
1:17 of 3rd period - Slapshot by Johnny Boychuk.
1:17 of 3rd period - Stopped by Matt Murray without a rebound.
1:18 of 3rd period - Ryan Johansen wins face-off versus John Tavares in Stars zone.
1:49 of 3rd period - Slapshot by Dougie Hamilton.
1:49 of 3rd period - Deflect By Alexander Wennberg.
1:49 of 3rd period - Shot Misses the Net.
1:49 of 3rd period - Puck is out of play.
1:50 of 3rd period - Evgeny Grachev wins face-off versus Alexander Wennberg in Stars zone.
2:05 of 3rd period - Slapshot by Evgeny Grachev.
2:05 of 3rd period - Deflect By Jussi Jokinen.
2:05 of 3rd period - Stopped by Michal Neuvirth with a rebound.
3:06 of 3rd period - Snap shot by Alex Chiasson.
3:06 of 3rd period - Shot Misses the Net.
3:08 of 3rd period - Slapshot by Jussi Jokinen.
3:08 of 3rd period - Goal by Jussi Jokinen - Stars : 4 - Jets : 1.
3:09 of 3rd period - John Tavares wins face-off versus Adam Henrique in neutral zone.
3:22 of 3rd period - Minor Penalty to Boris Valabik for Cross-checking.
3:23 of 3rd period - Ryan Johansen wins face-off versus John Tavares in Stars zone.
3:29 of 3rd period - Snap shot by Ryan Johansen.
3:29 of 3rd period - Goal by Ryan Johansen - Stars : 4 - Jets : 2.
3:30 of 3rd period - John Tavares wins face-off versus Kyle Okposo in neutral zone.
3:35 of 3rd period - Snap shot by Michael Grabner.
3:35 of 3rd period - Stopped by Michal Neuvirth with a rebound.
3:37 of 3rd period - Wrist shot by Guillaume Latendresse.
3:37 of 3rd period - Stopped by Michal Neuvirth with a rebound.
3:39 of 3rd period - Slapshot by Boris Valabik.
3:39 of 3rd period - Shot Blocked by Adam Henrique.
3:45 of 3rd period - Snap shot by Michael Grabner.
3:45 of 3rd period - Stopped by Michal Neuvirth without a rebound.
3:46 of 3rd period - Evgeny Grachev wins face-off versus Alexander Wennberg in Jets zone.
3:53 of 3rd period - Wrist shot by Evgeny Grachev.
3:53 of 3rd period - Deflect By Jussi Jokinen.
3:53 of 3rd period - Shot Blocked by Dougie Hamilton.
3:53 of 3rd period - Puck is out of play.
3:54 of 3rd period - Evgeny Grachev wins face-off versus Alexander Wennberg in Jets zone.
4:25 of 3rd period - Snap shot by Alex Chiasson.
4:25 of 3rd period - Shot Misses the Net.
4:29 of 3rd period - Wrist shot by Jussi Jokinen.
4:29 of 3rd period - Stopped by Michal Neuvirth without a rebound.
4:30 of 3rd period - Ryan Johansen wins face-off versus John Tavares in Jets zone.
4:39 of 3rd period - Guillaume Latendresse is hit by Adam Henrique and loses puck.
4:51 of 3rd period - Minor Penalty to Kyle Okposo for Hooking.
4:52 of 3rd period - John Tavares wins face-off versus Erik Haula in Jets zone.
6:48 of 3rd period - Slapshot by John Tavares.
6:48 of 3rd period - Stopped by Michal Neuvirth with a rebound.
6:51 of 3rd period - Penalty to Kyle Okposo is over, Kyle Okposo is back on ice.
6:58 of 3rd period - Snap shot by Marcus Johansson.
6:58 of 3rd period - Shot Misses the Net.
7:04 of 3rd period - Alexander Wennberg is hit by Scott Kosmachuck and loses puck.
7:13 of 3rd period - Minor Penalty to Viktor Arvidsson for High sticking.
7:14 of 3rd period - Erik Haula wins face-off versus Guillaume Latendresse in Jets zone.
9:09 of 3rd period - Johnny Boychuk is hit by Evgeny Grachev and loses puck.
9:13 of 3rd period - Penalty to Viktor Arvidsson is over, Viktor Arvidsson is back on ice.
9:20 of 3rd period - Viktor Arvidsson is hit by Boris Valabik and loses puck.
9:29 of 3rd period - Slapshot by Andrew Ladd.
9:29 of 3rd period - Shot Misses the Net.
9:59 of 3rd period - Andrew Ladd is hit by Viktor Arvidsson and loses puck.
10:12 of 3rd period - Andrej Sustr is hit by Tyler Myers and loses puck.
11:00 of 3rd period - Slapshot by Jussi Jokinen.
11:00 of 3rd period - Shot Misses the Net.
11:35 of 3rd period - Boris Valabik is hit by Ryan Johansen and loses puck.
11:50 of 3rd period - Boris Valabik is hit by Marcus Johansson and loses puck.
12:16 of 3rd period - John Tavares is hit by Johnny Boychuk and loses puck.
13:11 of 3rd period - Dougie Hamilton is hit by Evgeny Kuznetsov and loses puck.
13:24 of 3rd period - Minor Penalty to Boris Valabik for Roughing.
13:25 of 3rd period - John Tavares wins face-off versus Ryan Johansen in Stars zone.
13:25 of 3rd period - John Tavares is hit by Dougie Hamilton.
13:37 of 3rd period - John Tavares is hit by Dougie Hamilton and loses puck.
14:14 of 3rd period - Alexander Wennberg is hit by Evgeny Grachev.
15:24 of 3rd period - Penalty to Boris Valabik is over, Boris Valabik is back on ice.
15:35 of 3rd period - Jeremy Morin is hit by Jason Pominville and loses puck.
15:42 of 3rd period - Scott Kosmachuck is hit by Tyler Myers and loses puck.
16:38 of 3rd period - Johnny Boychuk is hit by Andrew Ladd and loses puck.
16:51 of 3rd period - Slapshot by Scott Kosmachuck.
16:51 of 3rd period - Shot Misses the Net.
16:53 of 3rd period - Snap shot by Evgeny Kuznetsov.
16:53 of 3rd period - Stopped by Michal Neuvirth with a rebound.
16:55 of 3rd period - Wrist shot by Jeremy Morin.
16:55 of 3rd period - Stopped by Michal Neuvirth without a rebound.
16:56 of 3rd period - Ryan Johansen wins face-off versus Evgeny Kuznetsov in Jets zone.
17:03 of 3rd period - Snap shot by Scott Kosmachuck.
17:03 of 3rd period - Stopped by Michal Neuvirth without a rebound.
17:04 of 3rd period - Ryan Johansen wins face-off versus Cory Emmerton in Jets zone.
17:54 of 3rd period - Alexander Wennberg is hit by Jussi Jokinen and loses puck.
18:01 of 3rd period - Jussi Jokinen is hit by Marcus Johansson.
18:39 of 3rd period - Slapshot by Evgeny Grachev.
18:39 of 3rd period - Stopped by Michal Neuvirth without a rebound.
18:40 of 3rd period - Evgeny Grachev wins face-off versus Ryan Johansen in Jets zone.
18:41 of 3rd period - Wrist shot by Jussi Jokinen.
18:41 of 3rd period - Stopped by Michal Neuvirth with a rebound.
19:03 of 3rd period - Snap shot by Cam Atkinson.
19:03 of 3rd period - Shot Blocked by Erik Haula.
19:08 of 3rd period - Slapshot by Paul Ladue.
19:08 of 3rd period - Stopped by Michal Neuvirth without a rebound.
19:09 of 3rd period - Evgeny Grachev wins face-off versus Ryan Johansen in Jets zone.
19:09 of 3rd period - Minor Penalty to Evgeny Grachev for High sticking.
19:10 of 3rd period - John Tavares wins face-off versus Ryan Johansen in Stars zone.
19:25 of 3rd period - Slapshot by Ryan Johansen.
19:25 of 3rd period - Stopped by Matt Murray with a rebound.
19:27 of 3rd period - Slapshot by Brent Burns.
19:27 of 3rd period - Shot Blocked by Boris Valabik.
19:45 of 3rd period - Wrist shot by Kyle Okposo.
19:45 of 3rd period - Stopped by Matt Murray with a rebound.
19:47 of 3rd period - Slapshot by Tyler Myers.
19:47 of 3rd period - Shot Blocked by Alex Chiasson.
Goals for this period are 1 for Stars vs 2 for Jets.
Shots for this period are 13 for Stars vs 7 for Jets.